 Dungeon Crawl Stone Soup version 0.18-a0-1196-g09327cf (webtiles) character file.

7658 Oddball22 the Covert (level 11, -9/48 HPs)
             Began as a Vine Stalker Artificer on Jan 30, 2016.
             Was a High Priest of Pakellas.
             Shot with an arrow by a centaur (12 damage)
             ... on level 11 of the Dungeon.
             The game lasted 00:38:01 (9649 turns).

Oddball22 the Covert (Vine Stalker Artificer)       Turns: 9649, Time: 00:38:01

Health: -9/48      AC:  5    Str: 15    XL:     11   Next: 18%
Magic:  0/35       EV: 17    Int: 12    God:    Pakellas [*****.]
Gold:   676        SH:  0    Dex: 19    Spells: 0 memorised, 10 levels left

rFire  . . .     SeeInvis .     R - +0 spear (venom)
rCold  . . .     Gourm    .     i - +2 robe {MR+}
rNeg   . . .     Faith    .     (no shield)
rPois  .         Spirit   +     (no helmet)
rElec  .         Dismiss  .     y - +0 cloak
rCorr  .         Reflect  .     (no gloves)
SustAt .         Harm     .     k - +0 pair of boots
MR     +++..     Clarity  +     (no amulet)
Stlth  +++++.....               I - ring of magical power
                                r - ring of magical power (curse)

@: extremely resistant to hostile enchantments, quite stealthy
A: fangs 3, clarity, deformed body, magic resistance 1, regeneration 2, strong
1, magic shield, antimagic bite, no device heal 3, rot immunity
a: Quick Charge, Device Surge, Renounce Religion


You were on level 11 of the Dungeon.
You worshipped Pakellas.
Pakellas was extremely pleased with you.
You were not hungry.

You visited 1 branch of the dungeon, and saw 11 of its levels.

You collected 676 gold pieces.

Inventory:

Hand Weapons
 q - a +2 dagger of speed
 R - a +0 spear of venom (weapon)
 S - a +1 falchion of flaming
 V - a +0 vampiric dagger
Armour
 i - a +2 robe of magic resistance (worn)
 k - a +0 pair of boots (worn)
 y - a +0 cloak (worn)
 O - the +2 shield of Resistance {rF+ rC+ MR+}
   (You found it on level 5 of the Dungeon)

   It protects you from fire.
   It protects you from cold.
   It affects your resistance to hostile enchantments.
Magical Staves
 Z - an uncursed staff of wizardry
Rods
 J - a +2 rod of the swarm (3/10)
   (Pakellas gifted it to you on level 8 of the Dungeon)
Jewellery
 r - a cursed ring of magical power (left hand)
 C - an uncursed ring of fire
 I - a ring of magical power (right hand)
 K - an uncursed ring of resist corrosion
 Q - an uncursed ring of positive energy
Wands
 c - a wand of flame (0/48)
 d - a wand of enslavement (13/24)
 e - a wand of random effects (0/48)
 t - a wand of flame (30/48)
 x - a wand of digging (11/24)
 M - a wand of lightning (1/15)
 N - a wand of slowing (26/48)
Scrolls
 g - a scroll of amnesia
 o - 2 scrolls of remove curse
 p - 2 scrolls of teleportation
 s - 2 scrolls of noise
 v - 7 scrolls of identify
 w - a scroll of silence {unknown}
 A - a scroll of random uselessness {unknown}
 B - 2 scrolls of magic mapping {unknown}
 D - 3 scrolls of blinking {unknown}
 E - 3 scrolls of fog {unknown}
 F - a scroll of enchant armour {unknown}
 G - a scroll of immolation {unknown}
 H - 4 scrolls of recharging {unknown}
 L - a scroll of enchant weapon {unknown}
Potions
 h - 2 potions of flight
 j - 3 potions of heal wounds
 l - a potion of brilliance
 n - 9 potions of curing
 u - a potion of cancellation
 z - a potion of agility
 Y - a potion of poison {unknown}
Books
 W - a book of Party Tricks

   Spells                             Type                      Level
   a - Summon Butterflies             Summoning                    1
   b - Apportation                    Translocation                1
   c - Tukima's Dance                 Hexes                        3
   d - Alistair's Intoxication        Transmutation/Poison         5
   e - Invisibility                   Hexes                        6
Comestibles
 a - 4 meat rations
 f - 6 bread rations
 m - 2 beef jerkies
 T - 6 slices of pizza
 U - 12 fruits
 X - 15 chunks of flesh


   Skills:
 - Level 0.8 Fighting
 * Level 9.4 Short Blades
 + Level 6.9 Dodging
 - Level 10.0 Stealth
 + Level 7.6 Evocations


You had 10 spell levels left.
You didn't know any spells.

Dungeon Overview and Level Annotations

Branches:
Dungeon (11/15)            Temple (0/1) D:5
   Lair: D:8-11         Orc: D:9-12

Altars:
Ashenzari
Pakellas
Trog
Vehumet

Shops:
D:4 =   D:6 *   D:7 [   D:8 %


Innate Abilities, Weirdness & Mutations

You have razor-sharp teeth.
You heal very quickly.
When hurt, damage is shared between your health and your magic reserves.
Your bite disrupts and absorbs the magic of your enemies.
Potions and wands cannot restore your health.
You are immune to rotting.
You possess an exceptional clarity of mind.
Armour fits poorly on your strangely shaped body.
You are resistant to hostile enchantments.
Your muscles are strong. (Str +2)


Message History

Items here: (( )) a giant club x2; an arrow; 2 poisoned arrows The centaur shoots an arrow of frost.
The arrow of frost hits you but does no damage.
The arrow of frost freezes you.
* * * LOW HITPOINT WARNING * * *
2 centaurs come into view.
Things that are here:
an arrow of frost; 4 arrows The centaur wields a shortbow.
The centaur shoots an arrow.
The arrow hits you.
* * * LOW HITPOINT WARNING * * *
You see here an arrow.
The centaur wields a shortbow.
The centaur shoots an arrow of dispersal.
The arrow of dispersal hits you!
* * * LOW HITPOINT WARNING * * *
You blink.
A centaur comes into view. It is wielding a shortbow.
The centaur shoots an arrow.
The arrow hits you!
You die...

#.........# #.#
####......# #.#
######.# #.##
#.######..#
#.........#
####(........#
#(..........[#
#(...........#
#......@.#####
#.((.b...#
#((c.....#
######)c).....#
......).c......#
.....c.c.......#
.....(.....#####
....(......#
..c........#


You could see 4 centaurs.

Vanquished Creatures
  A hydra (D:8)
  A hill giant (D:11)
  A centaur zombie (D:10)
  The ghost of Reinor the Conjurer, a novice DECj of Vehumet (D:5)
  6 yaks
  2 hungry ghosts (D:11)
  An orc warrior (D:6)
  2 black bears
  A necrophage (D:7)
  4 ogres
  A phantom (D:4)
  8 centaurs
  A crocodile (D:11)
  3 big kobolds (D:8)
  Blork the orc (D:6)
  5 giant frogs
  A wyvern skeleton (D:8)
  2 killer bees
  A wight (D:10)
  2 crimson imps
  2 quasits (D:8)
  5 hounds
  A jelly (D:7)
  6 orc priests
  2 giant frog skeletons
  3 centaur skeletons
  2 iguanas
  7 orc wizards
  6 worker ants
  2 sheep (D:8)
  2 hound skeletons
  19 adders
  2 gnolls (D:9)
  A river rat (D:11)
  2 shadow imps
  2 oozes
  An adder zombie (D:7)
  2 adder skeletons
  5 worms
  6 giant geckos
  35 orcs
  6 ball pythons
  5 giant cockroaches
  6 goblins
  12 hobgoblins
  16 jackals
  5 quokkas
  17 bats
  A giant gecko skeleton (D:6)
  6 giant newts
  13 kobolds
  A quokka skeleton (D:5)
  A quokka zombie (D:5)
  12 rats
  A plant (D:11)
260 creatures vanquished.

Vanquished Creatures (collateral kills)
  A hill giant (D:11)
  A centaur zombie (D:10)
  3 yaks
  A hippogriff (D:9)
  2 orc warriors
  A giant frog (D:10)
  2 big kobolds
  A gnoll sergeant (D:9)
  4 wights (D:10)
  A hound (D:10)
  2 orc priests (D:9)
  A killer bee zombie (D:11)
  2 gnolls (D:9)
  An adder (D:9)
  A shadow imp (D:11)
  3 orcs
  5 bats (D:11)
  6 rats (D:11)
  A fungus (D:11)
  A plant (D:11)
40 creatures vanquished.

Vanquished Creatures (others)
  A two-headed ogre (D:11)
1 creature vanquished.

Grand Total: 301 creatures vanquished

Notes
Turn   | Place    | Note
--------------------------------------------------------------
     0 | D:1      | Oddball22 the Vine Stalker Artificer began the quest for the Orb.
     0 | D:1      | Reached XP level 1. HP: 9/9 MP: 3/3
    11 | D:1      | Reached skill level 1 in Short Blades
    81 | D:1      | Reached XP level 2. HP: 14/14 MP: 5/5
   398 | D:1      | Reached XP level 3. HP: 17/17 MP: 6/6
   853 | D:2      | Reached skill level 3 in Stealth
   900 | D:2      | Reached XP level 4. HP: 21/21 MP: 7/7
   929 | D:2      | Found a shattered altar of Ashenzari.
  1668 | D:2      | Found an oddly glowing altar of Pakellas.
  1668 | D:2      | Found a radiant altar of Vehumet.
  1681 | D:2      | Became a worshipper of Pakellas the Inventive
  1927 | D:3      | Reached XP level 5. HP: 19/25 MP: 4/8
  2059 | D:3      | Reached skill level 4 in Stealth
  2193 | D:3      | Reached * piety under Pakellas
  2757 | D:4      | Noticed an ogre
  2864 | D:4      | Reached skill level 5 in Stealth
  2864 | D:4      | Gained mutation: You heal very quickly. [Vine Stalker growth]
  2864 | D:4      | Reached XP level 6. HP: 29/29 MP: 9/9
  3127 | D:4      | Noticed a phantom
  3215 | D:4      | Killed a phantom
  3215 | D:4      | Reached skill level 6 in Stealth
  3215 | D:4      | Reached XP level 7. HP: 4/32 MP: 8/10
  3303 | D:4      | Reached ** piety under Pakellas
  3303 | D:4      | Received a gift from Pakellas
  3596 | D:4      | Found Qowiedo's Jewellery Emporium.
  3756 | D:4      | Reached skill level 7 in Stealth
  3920 | D:5      | Entered Level 5 of the Dungeon
  3932 | D:5      | Noticed Reinor's ghost (novice DECj)
  3941 | D:5      | Paralysed by Reinor's ghost for 2 turns
  3958 | D:5      | Killed Reinor's ghost
  3958 | D:5      | Gained mutation: You have razor-sharp teeth. [Vine Stalker growth]
  3958 | D:5      | Reached XP level 8. HP: 9/37 MP: 9/12
  4093 | D:5      | Reached skill level 8 in Stealth
  4489 | D:5      | Found a staircase to the Ecumenical Temple.
  4641 | D:6      | Noticed Blork the orc
  4647 | D:6      | Killed Blork the orc
  4719 | D:6      | Gained mutation: You are resistant to hostile enchantments. [potion of mutation]
  4719 | D:6      | Gained mutation: You possess an exceptional clarity of mind. [potion of mutation]
  4719 | D:6      | Gained mutation: Armour fits poorly on your strangely shaped body. [potion of mutation]
  4826 | D:6      | Reached *** piety under Pakellas
  4828 | D:6      | Found Nasodo's General Store.
  5197 | D:6      | Reached skill level 9 in Stealth
  5442 | D:7      | Reached XP level 9. HP: 38/40 MP: 13/13
  5453 | D:7      | Found Roadaczo's Antique Armour Shop.
  5596 | D:7      | Reached skill level 5 in Evocations
  5762 | D:7      | Found a bloodstained altar of Trog.
  5977 | D:7      | Reached skill level 5 in Short Blades
  5996 | D:7      | Reached skill level 10 in Stealth
  6302 | D:8      | Found Usir's Food Shop.
  6359 | D:8      | Reached **** piety under Pakellas
  6359 | D:8      | Received a gift from Pakellas
  6697 | D:8      | Reached skill level 5 in Dodging
  7010 | D:8      | Noticed a three-headed hydra
  7017 | D:8      | Killed a one-headed hydra
  7017 | D:8      | Reached XP level 10. HP: 38/44 MP: 15/15
  7625 | D:9      | Identified a +2 rod of the swarm (10/10) (Pakellas gifted it to you on level 8 of the Dungeon)
  7711 | D:9      | Reached ***** piety under Pakellas
  8209 | D:10     | Entered Level 10 of the Dungeon
  8927 | D:11     | Noticed a hill giant
  9060 | D:11     | Killed a hill giant
  9160 | D:11     | Gained mutation: Your muscles are strong. (Str +2) [potion of mutation]
  9186 | D:11     | Noticed a hill giant
  9203 | D:11     | Killed a hill giant
  9203 | D:11     | Reached XP level 11. HP: 48/48 MP: 17/17
  9621 | D:11     | HP: 2/48 [centaur (2)]
  9648 | D:11     | HP: 2/48 [centaur/arrow of dispersal (10)]
  9649 | D:11     | Shot with an arrow by a centaur

Vault maps used:
D:1:      dpeg_arrival_pits
D:2:      kennysheep_six_static_rooms, gammafunk_temple_overflow_elements,
          columned_hall_lemuel, evilmike_ruin_ashenzari
D:4:      first_bread, serial_shops, nicolae_shop_waterfront, kennysheep_potato
D:5:      minmay_temple_entry_hall, grunt_decor_arrowhead, nrook_uturn
D:6:      serial_shops, shop, uniq_blork_the_orc
D:7:      serial_shops, shop, basic_altar
D:8:      serial_shops, nicolae_shop_crystal, hangedman_ranch
D:10:     kennysheep_dice
D:11:     grunt_lair_entry_orc_guard_hut, erik_orc_1

Action                   |  1- 3 |  4- 6 |  7- 9 | 10-12 || total
-------------------------+-------+-------+-------+-------++-------
Melee: Short sword       |    84 |       |       |       ||    84
       Dagger            |    21 |   272 |   414 |   129 ||   836
       Broad axe         |       |       |     6 |       ||     6
       Falchion          |       |       |    43 |    51 ||    94
       Spear             |       |       |       |    93 ||    93
       Rod               |       |       |       |    17 ||    17
Evoke: Wand              |       |     8 |    20 |    11 ||    39
       Rod               |       |       |       |    10 ||    10
  Use: Potion            |       |     2 |     9 |     2 ||    13
       Scroll            |       |       |     1 |     4 ||     5
 Stab: Sleeping          |     6 |    13 |    20 |    11 ||    50
       Distracted        |       |       |     1 |     1 ||     2
       Paralysed         |       |       |       |     1 ||     1
  Eat: Chunk             |       |     7 |    13 |    15 ||    35
